 Dungeon Crawl Stone Soup version 0.28.0-53-g5a82cb258f (webtiles) character file.

Game seed: 10678120253716567031

37 Zeld the Gusty (level 3, 0/19 HPs)
             Began as a Tengu Air Elementalist on May 25, 2022.
             Slain by a quokka (2 damage)
             ... on level 1 of the Dungeon.
             The game lasted 00:01:13 (1120 turns).

Zeld the Gusty (Tengu Air Elementalist)             Turns: 1120, Time: 00:01:13

Health: 0/19       AC:  5    Str:  8    XL:     3   Next: 39%
Magic:  0/8        EV: 12    Int: 17    God:
Gold:   9          SH:  0    Dex: 14    Spells: 1/7 levels left

rFire   . . .      SeeInvis .   (no weapon)
rCold   . . .      Faith    .   (no shield)
rNeg    . . .      Spirit   .   a - +0 robe
rPois   .          Reflect  .   (helmet restricted)
rElec   .          Harm     .   c - +2 cloak
rCorr   .          Rampage  .   (no gloves)
Will    .....                   (boots unavailable)
Stlth   ++........              (no amulet)
HPRegen 0.06/turn               (no ring)
MPRegen 0.11/turn               (no ring)

@: very slightly contaminated
A: beak, talons 3
a: no special abilities


You were on level 1 of the Dungeon.
You visited 1 branch of the dungeon, and saw 1 of its levels.

You collected 9 gold pieces.

Inventory:

Armour
 a - a +0 robe (worn)
 c - a +2 cloak (worn)
Scrolls
 d - 2 scrolls of identify {unknown}
Potions
 b - a potion of mutation {unknown}


   Skills:
 - Level 2.1 Dodging
 - Level 2.0 Stealth
 * Level 2.6 Spellcasting
 + Level 2.2 Conjurations
 * Level 4.7 Air Magic


You had one spell level left.
You knew the following spells:

 Your Spells              Type           Power      Damage    Failure   Level
a - Shock                 Conj/Air       56%        1d6       4%          1
b - Static Discharge      Conj/Air       14%        N/A       6%          2
c - Swiftness             Air            18%        N/A       8%          3

Your spell library contained the following spells:

 Spells                   Type           Power      Damage    Failure   Level
 Airstrike                Air            9%         N/A       26%         4


Dungeon Overview and Level Annotations

Branches:
Dungeon (1/15)

Altars:


Innate Abilities, Weirdness & Mutations

You have a beak for a mouth.
You have claws for feet.


Message History

Casting: Shock (safe; 4% risk of failure)
Confirm with . or Enter, or press ? or * to list all spells.
Aiming: Shock (safe; 4% risk of failure)
Press: ? - help, Shift-Dir - straight line, p - quokka You miscast Shock.
You are very lightly contaminated with residual magic.
Nothing appears to happen.
The jackal closely misses you. x2
Unknown command.
Unknown command.
You barely miss the jackal. You claw the jackal.
You kill the jackal!
Casting: Shock (safe; 4% risk of failure)
Confirm with . or Enter, or press ? or * to list all spells.
Aiming: Shock (safe; 4% risk of failure)
Press: ? - help, Shift-Dir - straight line The zap hits the endoplasm.
The endoplasm is heavily wounded.
The zap hits the quokka.
The quokka is almost dead.
The zap hits the hobgoblin.
You kill the hobgoblin!
The endoplasm closely misses you.
Unknown command.
You hit the endoplasm but do no damage.
You claw the endoplasm, but do no damage.
The endoplasm is heavily wounded.
The endoplasm barely misses you.
Unknown command.
You hit the endoplasm. You punch the endoplasm.
You kill the endoplasm!
Unknown command.
You hit the quokka but do no damage. Your peck misses the quokka.
The quokka is almost dead.
The quokka bites you.
* * * LOW HITPOINT WARNING * * *
Unknown command.
You barely miss the quokka.
The quokka is almost dead.
The quokka bites you.
You die...

##.......## #.'<≈P≈≈.# #.#.#
#.# ..........#
#.#.≈P≈.P###.#.# #.#
##........###.#.≈≈≈..'.#.#.#
#.#
#............#≈≈≈...#...#.###.#
#.>.....######≈≈.P.♣#####.....#
####.#### #≈....♣ #####.## #.#
#≈...<♣ #... #.# #≈...♣♣ #.##
#.# #≈@.♣♣ #.# #.# ##r#### #.##
#####.### #.##.# #...
....†...###### #.##.## ####
#...†.).r....# #.....##
#.###†#.####.# ##.....########
# #.#†# ##r###.............#
#.#r# #...###...[.....##.#
#...##.#.#J##....####.##.#


You could see a quokka.

Vanquished Creatures
  4 dart slugs (D:1)
  4 endoplasms (D:1)
  3 giant cockroaches (D:1)
  2 goblins (D:1)
  3 hobgoblins (D:1)
  3 jackals (D:1)
  A kobold (D:1)
  A quokka (D:1)
  A bat (D:1)
  A frilled lizard (D:1)
  A rat (D:1)
24 creatures vanquished.

Notes
Turn   | Place    | Note
-------+----------+-------------------------------------------
     0 | D:1      | Zeld the Tengu Air Elementalist began the quest for the
                  | Orb.
     0 | D:1      | Reached XP level 1. HP: 10/10 MP: 4/4
   267 | D:1      | Reached XP level 2. HP: 15/15 MP: 1/6
   388 | D:1      | Learned a level 2 spell: Static Discharge
   801 | D:1      | Reached XP level 3. HP: 12/19 MP: 4/7
   805 | D:1      | Learned a level 3 spell: Swiftness
  1120 | D:1      | Slain by a quokka

Illustrated notes

Levels and vault maps discovered:
D:1:      tarquinn_simple_flora_water_c, layout_loops_ring

Skill      XL: |  1  2 |
---------------+-------+-----
Conjurations   | 2 |  2.2
Dodging        | |  2.1
Stealth        | |  2.0
Spellcasting   | |  2.6
Air Magic      | |  4.7

Action                   || total
-------------------------++-------
Melee: Unarmed           ||    25
       Kick              ||    10
       Peck              ||     2
       Punch             ||     2
 Cast: Shock             ||    18
       Static Discharge  ||    14
Armor: Robe              ||    14
Dodge: Dodged            ||    32
